EL
BILOXI SHUCKERS @ COLUMBIA FIREFLIES
08/30/2047
 
TOP OF THE 1ST
Biloxi Shuckers batting - Pitching for Columbia Fireflies : RHP Bryan Dorne
Pitching: RHP Bryan Dorne
Batting: RHB Hector Silva 0-0: Ground out 6-3 (Groundball, 6, EV 108.8 MPH)
Batting: RHB Herb McIntyre 0-0: Hit by Pitch
Batting: LHB Adam Hill 0-0: Ball
1-0: Ball
2-0: Called Strike
2-1: Foul Ball, location: 2F
2-2: Strikes out looking
Batting: RHB Josh Nelson 0-0: Fly out, F8 (Flyball, 89M, EV 88.1 MPH)
Top of the 1st over - 0 runs, 0 hits, 0 errors, 1 left on base; Biloxi 0 - Columbia 0
BOTTOM OF THE 1ST
Columbia Fireflies batting - Pitching for Biloxi Shuckers : RHP Nick Butler
Pitching: RHP Nick Butler
Batting: RHB Zhao-ying Joe 0-0: Ball
1-0: Called Strike
1-1: Called Strike
1-2: Ball
2-2: Ball
3-2: Ground out 5-3 (Groundball, P, EV 90.6 MPH)
Batting: LHB Jamel Alexander 0-0: Ball
1-0: Foul Ball, location: 2F
1-1: SINGLE (Line Drive, 9LS, EV 96.2 MPH)
Batting: SHB Jason Evans 0-0: Fielders Choice at 2nd, 4-6 (Groundball, 4, EV 104.4 MPH)
Batting: RHB Masaya Nakamura 0-0: Ball
1-0: Swinging Strike
1-1: Foul Ball, location: 2F
1-2: Ball
2-2: Ball
3-2: Base on Balls
Jason Evans to second
Batting: LHB Adam Hairston 0-0: Called Strike
0-1: Ball
1-1: Swinging Strike
1-2: Ball
2-2: Ground out 6-3 (Groundball, 6MS, EV 85.0 MPH)
Bottom of the 1st over - 0 runs, 1 hit, 0 errors, 2 left on base; Biloxi 0 - Columbia 0
TOP OF THE 2ND
Biloxi Shuckers batting - Pitching for Columbia Fireflies : RHP Bryan Dorne
Batting: RHB Ben Taylor 0-0: Called Strike
0-1: Called Strike
0-2: Ball
1-2: Ball
2-2: Fly out, F3 (Line Drive, 3, EV 73.8 MPH)
Batting: RHB Steve Byerly 0-0: Called Strike
0-1: Ball
1-1: SINGLE (Groundball, 56S, EV 66.2 MPH) (infield hit)
Batting: RHB Brian Landrum 0-0: Foul Ball, location: 2F
0-1: Swinging Strike
0-2: Ball
1-2: Fly out, F7 (Flyball, 78M, EV 90.0 MPH)
Batting: RHB Cameron Rattenbury 0-0: Ball
1-0: Called Strike
1-1: Ball
2-1: Ball
3-1: SINGLE (Line Drive, 56D, EV 100.0 MPH)
Steve Byerly to second
Batting: RHB Juan Villanueva 0-0: SINGLE (Groundball, 56D, EV 104.4 MPH)
Steve Byerly to third
Cameron Rattenbury to second
Runner from 3rd tries for Home, SAFE, throw by LF to home
Batting: RHB Hector Silva 0-0: Called Strike
0-1: Ball
1-1: Foul Ball, location: 2F
1-2: Ground out 5-3 (Groundball, 56S, EV 75.0 MPH)
Top of the 2nd over - 1 run, 3 hits, 0 errors, 2 left on base; Biloxi 1 - Columbia 0
BOTTOM OF THE 2ND
Columbia Fireflies batting - Pitching for Biloxi Shuckers : RHP Nick Butler
Batting: SHB Justin Wallace 0-0: DOUBLE (Line Drive, 78M, EV 98.1 MPH)
Batting: RHB Jeff MacPhee 0-0: Foul Ball, location: 2F
0-1: Foul Ball, location: 2F
0-2: Strikes out swinging
Batting: RHB David Stayton 0-0: Ball
1-0: Ball
2-0: Called Strike
2-1: Swinging Strike
2-2: Strikes out looking
Batting: RHB Koen van Oort 0-0: Ball
1-0: Called Strike
1-1: Called Strike
1-2: Ground out 4-3 (Groundball, 4MS, EV 85.0 MPH)
Bottom of the 2nd over - 0 runs, 1 hit, 0 errors, 1 left on base; Biloxi 1 - Columbia 0
TOP OF THE 3RD
Biloxi Shuckers batting - Pitching for Columbia Fireflies : RHP Bryan Dorne
Batting: RHB Herb McIntyre 0-0: Ball
1-0: Ball
2-0: Ball
3-0: Base on Balls
Batting: LHB Adam Hill 0-0: Foul Ball, location: 2F
0-1: Ball
1-1: Called Strike
1-2: Ball
Wild Pitch!
Herb McIntyre to second
2-2: Foul Ball, location: 2F
2-2: SINGLE (Flyball, 6D, EV 85.0 MPH)
Herb McIntyre to third
Batting: RHB Josh Nelson 0-0: Ball
1-0: Called Strike
1-1: Swinging Strike
1-2: Strikes out swinging
Batting: RHB Ben Taylor 0-0: Called Strike
0-1: Ball
1-1: Ball
2-1: Ball
3-1: Fly out, F3 (Popup, 13, EV 81.2 MPH)
Batting: RHB Steve Byerly 0-0: Ball
1-0: Called Strike
1-1: Ball
2-1: Ball
3-1: Swinging Strike
3-2: Foul Ball, location: 2F
3-2: Strikes out swinging
Top of the 3rd over - 0 runs, 1 hit, 0 errors, 2 left on base; Biloxi 1 - Columbia 0
BOTTOM OF THE 3RD
Columbia Fireflies batting - Pitching for Biloxi Shuckers : RHP Nick Butler
Batting: RHB Zhao-ying Joe 0-0: Called Strike
0-1: Ball
1-1: Swinging Strike
1-2: Ball
2-2: Foul Ball, location: 2F
2-2: Fly out, F7 (Flyball, 7LS, EV 90.0 MPH)
Batting: LHB Jamel Alexander 0-0: Ball
1-0: Foul Ball, location: 2F
1-1: Ball
2-1: Ball
3-1: Base on Balls
Batting: SHB Jason Evans 0-0: Ball
1-0: Ball
2-0: SINGLE (Groundball, 4M, EV 106.2 MPH) (infield hit)
Jamel Alexander to second
Batting: RHB Masaya Nakamura 0-0: Ball
1-0: Grounds into double play, 6-4-3 (Groundball, 6, EV 90.6 MPH)
Bottom of the 3rd over - 0 runs, 1 hit, 0 errors, 1 left on base; Biloxi 1 - Columbia 0
TOP OF THE 4TH
Biloxi Shuckers batting - Pitching for Columbia Fireflies : RHP Bryan Dorne
Batting: RHB Brian Landrum 0-0: Called Strike
0-1: Ball
1-1: Foul Ball, location: 2F
1-2: Foul Ball, location: 2F
1-2: Fly out, F7 (Flyball, 78M, EV 93.8 MPH)
Batting: RHB Cameron Rattenbury 0-0: Called Strike
0-1: Foul Ball, location: 2F
0-2: Strikes out looking
Batting: RHB Juan Villanueva 0-0: Foul Ball, location: 2F
0-1: Swinging Strike
0-2: Ground out 6-3 (Groundball, 6, EV 101.2 MPH)
Top of the 4th over - 0 runs, 0 hits, 0 errors, 0 left on base; Biloxi 1 - Columbia 0
BOTTOM OF THE 4TH
Columbia Fireflies batting - Pitching for Biloxi Shuckers : RHP Nick Butler
Batting: LHB Adam Hairston 0-0: Called Strike
0-1: Ball
1-1: Foul Ball, location: 2F
1-2: Foul Ball, location: 2F
1-2: Ball
2-2: Foul Ball, location: 2F
2-2: Foul Ball, location: 2F
2-2: Ground out 5-3 (Groundball, 56, EV 109.4 MPH)
Batting: SHB Justin Wallace 0-0: Ball
1-0: Fly out, F8 (Flyball, 78D, EV 108.1 MPH)
Batting: RHB Jeff MacPhee 0-0: Ball
1-0: Fly out, F8 (Flyball, 8RD, EV 101.9 MPH)
Bottom of the 4th over - 0 runs, 0 hits, 0 errors, 0 left on base; Biloxi 1 - Columbia 0
TOP OF THE 5TH
Biloxi Shuckers batting - Pitching for Columbia Fireflies : RHP Bryan Dorne
Batting: RHB Hector Silva 0-0: Foul Ball, location: 2F
0-1: Foul Ball, location: 2F
0-2: Ball
1-2: Strikes out looking
Batting: RHB Herb McIntyre 0-0: Foul Ball, location: 2F
0-1: Ball
1-1: Ball
2-1: SINGLE (Line Drive, 34D, EV 97.5 MPH)
Batting: LHB Adam Hill 0-0: Ball
1-0: Ball
2-0: Called Strike
2-1: Grounds into double play, 6-4-3 (Groundball, 6, EV 101.9 MPH)
Top of the 5th over - 0 runs, 1 hit, 0 errors, 0 left on base; Biloxi 1 - Columbia 0
BOTTOM OF THE 5TH
Columbia Fireflies batting - Pitching for Biloxi Shuckers : RHP Nick Butler
Batting: RHB David Stayton 0-0: Foul Ball, location: 2F
0-1: Foul Ball, location: 2F
0-2: Ball
1-2: Strikes out swinging
Batting: RHB Koen van Oort 0-0: Called Strike
0-1: Ball
1-1: Ball
2-1: Called Strike
2-2: Ground out 5-3 (Groundball, 56, EV 104.4 MPH)
Batting: RHB Zhao-ying Joe 0-0: Swinging Strike
0-1: Ball
1-1: Called Strike
1-2: Ball
2-2: Foul Ball, location: 2F
2-2: Foul Ball, location: 2F
2-2: Ball
3-2: Foul Ball, location: 2F
3-2: Base on Balls
Batting: LHB Jamel Alexander 0-0: Ball
1-0: Ball
2-0: Ground out U3 (Groundball, 3, EV 105.6 MPH)
Bottom of the 5th over - 0 runs, 0 hits, 0 errors, 1 left on base; Biloxi 1 - Columbia 0
TOP OF THE 6TH
Biloxi Shuckers batting - Pitching for Columbia Fireflies : RHP Bryan Dorne
Batting: RHB Josh Nelson 0-0: Ball
1-0: Called Strike
1-1: Called Strike
1-2: Foul Ball, location: 2F
1-2: Strikes out swinging
Batting: RHB Ben Taylor 0-0: Ball
1-0: Ball
2-0: Foul Ball, location: 2F
2-1: Foul Ball, location: 2F
2-2: Ball
3-2: Foul Ball, location: 2F
3-2: Ground out U3 (Groundball, 34, EV 101.2 MPH)
Batting: RHB Steve Byerly 0-0: Swinging Strike
0-1: Called Strike
0-2: Fly out, F9 (Flyball, 89S, EV 88.1 MPH)
Top of the 6th over - 0 runs, 0 hits, 0 errors, 0 left on base; Biloxi 1 - Columbia 0
BOTTOM OF THE 6TH
Columbia Fireflies batting - Pitching for Biloxi Shuckers : RHP Nick Butler
Pitching: RHP Josh Kenyon
Batting: SHB Jason Evans 0-0: Ball
1-0: Foul Ball, location: 2F
1-1: Ball
2-1: Ground out U3 (Groundball, 34, EV 100.6 MPH)
Batting: RHB Masaya Nakamura 0-0: Called Strike
0-1: SINGLE (Groundball, 34D, EV 104.4 MPH)
Batting: LHB Adam Hairston 0-0: Called Strike
0-1: Foul Ball, location: 2F
0-2: Foul Ball, location: 2F
0-2: Fielders Choice at 2nd, 4-6 (Groundball, 34, EV 98.1 MPH)
Batting: SHB Justin Wallace 0-0: Ball
Adam Hairston steals 2nd base
1-0: Ball
2-0: Called Strike
2-1: Fly out, F9 (Line Drive, 9, EV 92.5 MPH)
Bottom of the 6th over - 0 runs, 1 hit, 0 errors, 1 left on base; Biloxi 1 - Columbia 0
TOP OF THE 7TH
Biloxi Shuckers batting - Pitching for Columbia Fireflies : RHP Bryan Dorne
Batting: RHB Brian Landrum 0-0: Ball
1-0: Foul Ball, location: 2F
1-1: Foul Ball, location: 2F
1-2: Hit by Pitch
Batting: RHB Cameron Rattenbury 0-0: Called Strike
0-1: Grounds into double play, 4-6-3 (Groundball, 4, EV 83.8 MPH)
Batting: RHB Juan Villanueva 0-0: Ball
1-0: Ball
2-0: Ball
3-0: Base on Balls
Pitching: RHP Leo Burgos
Batting: RHB Hector Silva 0-0: Hit by Pitch
Juan Villanueva to second
Pinch Runner at 2nd Sam Bingham:
Batting: RHB Herb McIntyre 0-0: Ball
1-0: Called Strike
1-1: Foul Ball, location: 2F
1-2: Ball
2-2: Reached on error, E6 (Groundball, 6, EV 81.9 MPH)
Sam Bingham to third
Hector Silva to second
Batting: LHB Adam Hill 0-0: Ball
1-0: SINGLE (Groundball, 56S, EV 60.6 MPH) (infield hit)
Sam Bingham scores
Hector Silva to third
Herb McIntyre to second
Batting: RHB Josh Nelson 0-0: Ball
1-0: Ball
2-0: Foul Ball, location: 2F
2-1: Foul Ball, location: 2F
2-2: Fly out, F7 (Flyball, 7S, EV 83.1 MPH)
Top of the 7th over - 1 run, 1 hit, 1 error, 3 left on base; Biloxi 2 - Columbia 0
BOTTOM OF THE 7TH
Columbia Fireflies batting - Pitching for Biloxi Shuckers : RHP Josh Kenyon
Now at 3B: Adam Hill
Now at SS: Robert Sayer
Now in LF: Paul Collins
Batting: RHB Jeff MacPhee 0-0: Called Strike
0-1: Ball
1-1: Swinging Strike
1-2: Strikes out looking
Batting: RHB David Stayton 0-0: Ball
1-0: Ball
2-0: Foul Ball, location: 2F
2-1: Ground out 5-3 (Groundball, 56, EV 81.9 MPH)
Batting: RHB Koen van Oort 0-0: Ball
1-0: Foul Ball, location: 2F
1-1: Ground out 4-3 (Groundball, 4, EV 84.4 MPH)
Bottom of the 7th over - 0 runs, 0 hits, 0 errors, 0 left on base; Biloxi 2 - Columbia 0
TOP OF THE 8TH
Biloxi Shuckers batting - Pitching for Columbia Fireflies : RHP Leo Burgos
Batting: RHB Ben Taylor 0-0: Called Strike
0-1: Ball
1-1: Fly out, F9 (Flyball, 89S, EV 90.6 MPH)
Batting: RHB Steve Byerly 0-0: Ball
1-0: Fly out, F4 (Popup, 4, EV 60.6 MPH)
Batting: RHB Brian Landrum 0-0: Called Strike
0-1: Foul Ball, location: 2F
0-2: Strikes out swinging
Top of the 8th over - 0 runs, 0 hits, 0 errors, 0 left on base; Biloxi 2 - Columbia 0
BOTTOM OF THE 8TH
Columbia Fireflies batting - Pitching for Biloxi Shuckers : RHP Josh Kenyon
Batting: RHB Zhao-ying Joe 0-0: Called Strike
0-1: Foul Ball, location: 2F
0-2: Foul Ball, location: 2F
0-2: Ball
1-2: Ground out 5-3 (Groundball, P, EV 78.8 MPH)
Batting: LHB Jamel Alexander 0-0: Called Strike
0-1: Foul Ball, location: 2F
0-2: Foul Ball, location: 2F
0-2: Ball
1-2: Ball
2-2: Foul Ball, location: 2F
2-2: Ball
3-2: Ground out 5-3 (Groundball, 5S, EV 68.8 MPH)
Batting: SHB Jason Evans 0-0: Ball
1-0: Swinging Strike
1-1: Called Strike
1-2: Foul Ball, location: 2F
1-2: DOUBLE (Flyball, 78D, EV 111.2 MPH)
Batting: RHB Masaya Nakamura 0-0: Ball
1-0: Fly out, F9 (Flyball, 9D, EV 93.1 MPH)
Bottom of the 8th over - 0 runs, 1 hit, 0 errors, 1 left on base; Biloxi 2 - Columbia 0
TOP OF THE 9TH
Biloxi Shuckers batting - Pitching for Columbia Fireflies : RHP Leo Burgos
Pitching: RHP Thomas Clark
Batting: RHB Cameron Rattenbury 0-0: Ball
1-0: Called Strike
1-1: Ball
2-1: Swinging Strike
2-2: Foul Ball, location: 2F
2-2: Strikes out looking
Batting: LHB Paul Collins 0-0: Fly out, F8 (Flyball, 8LM, EV 78.8 MPH)
Batting: RHB Hector Silva 0-0: Called Strike
0-1: Called Strike
0-2: Ground out 3-1 (Groundball, 34, EV 82.5 MPH)
Top of the 9th over - 0 runs, 0 hits, 0 errors, 0 left on base; Biloxi 2 - Columbia 0
BOTTOM OF THE 9TH
Columbia Fireflies batting - Pitching for Biloxi Shuckers : RHP Josh Kenyon
Pitching: RHP Ernie Schmutz
Batting: LHB Adam Hairston 0-0: Foul Ball, location: 2F
0-1: SINGLE (Groundball, 4MS, EV 71.9 MPH) (infield hit)
Batting: SHB Justin Wallace 0-0: Called Strike
0-1: Ball
1-1: Swinging Strike
1-2: Ball
2-2: Grounds into double play, 4-6-3 (Groundball, 4, EV 80.6 MPH)
Batting: RHB Jeff MacPhee 0-0: SINGLE (Groundball, 56D, EV 105.0 MPH)
Batting: RHB David Stayton 0-0: Ball
1-0: Swinging Strike
1-1: Foul Ball, location: 2F
1-2: Strikes out swinging
Bottom of the 9th over - 0 runs, 2 hits, 0 errors, 1 left on base; Biloxi 2 - Columbia 0
Thursday, December 15th , 2022 - OOTP Baseball 23.9 Build 102